 Dungeon Crawl Stone Soup version 0.27-a0-760-gc38aae387d (webtiles) character file.

Game seed: 5480759284985786947

49 Lanoc the Covert (level 3, 0/19 HPs)
             Began as a Spriggan Delver on Mar 25, 2021.
             Succumbed to a kobold brigand's poison
             ... in a sewer.
             The game lasted 00:02:28 (462 turns).

Lanoc the Covert (Spriggan Delver)                   Turns: 462, Time: 00:02:29

Health: 0/19       AC:  3    Str:  8    XL:     3   Next: 53%
Magic:  4/4        EV: 18    Int: 11    God:
Gold:   0          SH:  0    Dex: 17    Spells: 2/2 levels left

rFire    . . .     SeeInvis +   a - +0 short sword
rCold    . . .     Faith    .   (shield restricted)
rNeg     . . .     Spirit   .   b - +0 robe
rPois    .         Reflect  .   (helmet restricted)
rElec    .         Harm     .   h - +0 cloak
rCorr    .         Rampage  .   (gloves unavailable)
Will     .....                  (boots unavailable)
Stlth    ++++......             (no amulet)
HPRegen  0.06/turn              (no ring)
MPRegen  0.09/turn              (no ring)

@: lethally poisoned (0 -> -19), very quick
A: very small, no large weapons, unfitting armour, see invisible, speed 3
a: no special abilities


You were in a sewer.
You visited 1 branch of the dungeon, and saw 1 of its levels.
You also visited: Sewer.

Inventory:

Hand Weapons
 a - a +0 short sword (weapon)
Armour
 b - a +0 robe (worn)
 h - a +0 cloak (worn)
Wands
 g - a wand of digging (3)
Scrolls
 c - a scroll of fog
Potions
 e - 2 potions of curing {unknown}
 f - 2 potions of flight {unknown}


   Skills:
 + Level 2.8 Fighting
 - Level 2.1 Short Blades
 + Level 3.4 Dodging
 * Level 8.2 Stealth


You had 2 spell levels left.
You didn't know any spells.
Your spell library was empty.

Dungeon Overview and Level Annotations

Branches:
Dungeon (5/15)              Sewer (1/1)
 Temple: D:4-7

Altars:


Innate Abilities, Weirdness & Mutations

You are very small and have problems with some larger weapons.
You are too small for most types of armour.
You have supernaturally acute eyesight. (SInv)
You cover ground extremely quickly. (Speed+++)


Message History

Moving in this stuff is going to be slow.
You kill the kobold!
You hear a splash.
You enter the shallow water.
Moving in this stuff is going to be slow.
The kobold brigand shouts!
Throw: 5 darts (poison)
Press: ? - help, Q - select action Shift-Dir - straight line, f - kobold brigand
Aim: a kobold brigand, wielding a +0 short sword and quivering poisoned darts (heavily wounded, 53% to hit)
You throw a poisoned dart.
The poisoned dart closely misses the kobold brigand.
You hear a splash.
Throw: 4 darts (poison)
Press: ? - help, Q - select action Shift-Dir - straight line, f/p - kobold brigand
Aim: a kobold brigand, wielding a +0 short sword and quivering poisoned darts (heavily wounded, 53% to hit)
You throw a poisoned dart.
The poisoned dart closely misses the kobold brigand.
You hear a splash.
Throw: 3 darts (poison)
Press: ? - help, Q - select action Shift-Dir - straight line, f/p - kobold brigand
Aim: a kobold brigand, wielding a +0 short sword and quivering poisoned darts (heavily wounded, 53% to hit)
You throw a poisoned dart.
The poisoned dart closely misses the kobold brigand.
You hear a splash.
You feel yourself slow down.
Throw: 2 darts (poison)
Press: ? - help, Q - select action Shift-Dir - straight line, f/p - kobold brigand
Aim: a kobold brigand, wielding a +0 short sword and quivering poisoned darts (heavily wounded, 53% to hit)
You throw a poisoned dart.
The poisoned dart barely misses the kobold brigand.
You hear a splash.
The kobold brigand throws a poisoned dart.
The poisoned dart hits you!
You are lethally poisoned!
Throw: dart (poison)
Press: ? - help, Q - select action Shift-Dir - straight line, f/p - kobold brigand
Aim: a kobold brigand, wielding a +0 short sword and quivering poisoned darts (heavily wounded, 53% to hit)
You throw a poisoned dart.
The poisoned dart barely misses the kobold brigand.
You die...

###..###....≈≈≈.#
#..####......≈..#
#.._# ##.).....##
##### ####.#####
#...)≈..#
#.≈≈≈≈..#
#.≈≈≈≈≈≈#
#≈≈≈≈≈≈.#
#@≈≈≈≈(.#
#.≈≈≈≈).#
#..≈≈≈.(#
#.≈≈≈K..##########
#≈≈≈≈≈≈(≈≈≈≈K≈≈≈≈≈
#..≈≈≈(.##########
##.≈≈≈≈## #.≈≈≈.#
###.≈≈≈.#


You could see a kobold brigand.

Vanquished Creatures
  4 river rats
  3 giant cockroaches (D:5)
  A jackal (Sewer)
  A quokka (D:5)
  4 kobolds (Sewer)
  4 rats
17 creatures vanquished.

Notes
Turn   | Place    | Note
-------+----------+-------------------------------------------
     0 | D:5      | Lanoc the Spriggan Delver began the quest for the Orb.
     0 | D:5      | Reached XP level 1. HP: 11/11 MP: 2/2
    57 | D:5      | Reached XP level 2. HP: 5/16 MP: 3/3
   242 | D:5      | Found a glowing drain.
   246 | Sewer    | Entered a sewer
   253 | Sewer    | Reached skill level 8 in Stealth
   253 | Sewer    | Reached XP level 3. HP: 17/19 MP: 4/4
   332 | Sewer    | Noticed a kobold brigand
   430 | Sewer    | Found a white marble altar of Elyvilon.
   462 | Sewer    | Succumbed to a kobold brigand's poison

Illustrated notes

Levels and vault maps discovered:
D:5:      layout_basic, lemuel_round_altar, serial_corexii_hall,
          corexii_hall_statues_l, corexii_hall_statues_s,
          gup_sewer_entry_spiral, chequers_serial_rivers_small_b,
          fedhas_altar_fruit_tree, uniq_eustachio
Sewer:    sewer_kobolds

Skill      XL: |  1  2 |
---------------+-------+-----
Dodging        | 3 |  3.4
Stealth        | 8 |  8.2
Fighting       | |  2.8
Short Blades   | |  2.1

Action                   || total
-------------------------++-------
Melee: Short sword       ||    56
Throw: Dart              ||     7
  Use: Scroll            ||     2
       Potion            ||     1
 Stab: Sleeping          ||     7
       Fleeing           ||     1
Armor: Robe              ||     1
Dodge: Dodged            ||    35

Table legend: (Time is in decaauts)
 A = Elapsed time spent in this place.
 B = Non-inter-level travel time spent in this place.
 C = Inter-level travel time spent in this place.
 D = Time resting spent in this place.
 E = Time spent auto-exploring this place.
 F = Levels seen in this place.
 G = Mean time per level.
                   A        B        C        D        E       F      G
               +--------+--------+--------+--------+--------+-----+--------+
         Total |    399 |    399 |      0 |    155 |     54 |   2 |  199.5 |
       Dungeon |    238 |    238 |      0 |    155 |      0 |   1 |  238.0 |
         Sewer |    160 |    160 |      0 |      0 |     54 |   1 |  160.0 |
               +--------+--------+--------+--------+--------+-----+--------+

Top non-repeatable levels by time:
     D:5: 238 daAuts
   Sewer: 160 daAuts
